Cogmind - Beta 16.1 @@@ ROGUE MODE // 2026.04.04 @ 02:05:14 Player: Thqwib-Linux Result: Escaped! Performance ------------- Evolutions (9) 4500 Regions Visited (23) 4600 Robots Destroyed (163) 815 Value Destroyed (6601) 6601 Prototype IDs (54) 1080 Alien Tech Used (0) 0 Bonus (9962) 9962 TOTAL SCORE: 27558 Bonus ------- High Alert Combat Kills 20 Follower Combat Kills 329 Hunted by Unchained 500 Entered Garrisons 400 Entered DSFs 1500 Aligned with FarCom 300 Acquired ECA 300 Met Warlord at Base 500 MAIN.C Attacked Warlord 500 Warlord Defense Kills 902 Met Warlord at Command 2000 Win 3000 Friendly Fire -289 Cogmind --------- Core Integrity 1413/1600 Matter 270/300 Energy 406/420 System Corruption 3% Temperature Cool (28) Movement Hovering (44) Location To Epsilon Eridani Parts ------- > --- POWER (2) -------- Mini Fusion Reactor Improved Quantum Reactor > --- PROPULSION (7) --- Improved Gyrokinetic Inverter Improved Gyrokinetic Inverter Improved Gyrokinetic Inverter Improved Gyrokinetic Inverter Improved Gyrokinetic Inverter Combat Linear Gravjet Combat Linear Gravjet > --- UTILITY (12) ----- Advanced Cooling System Advanced Cooling System Advanced Cooling System Large Storage Unit Experimental Optical Array Advanced Targeting Computer Experimental Targeting Computer Advanced Target Analyzer Core Analyzer Improved Armor Integrity Analyzer Centrium Light Armor Plating Centrium Light Armor Plating > --- WEAPON (4) ------- Dispersion Rifle Dispersion Rifle Dispersion Rifle Helical Railgun > --- INVENTORY (15) --- Improved Quantum Reactor Advanced Hardlight Generator Advanced Shield Generator Enhanced Quantum Rifle Vortex Driver (22) KE Penetrator Railgun Helical Railgun Hypervelocity Mass Driver Hypervelocity Mass Driver Hellfire Missile Launcher Katana Peak State ------------ > --- POWER ------------ Mini Fusion Reactor Improved Quantum Reactor > --- PROPULSION ------- Improved Gyrokinetic Inverter Improved Gyrokinetic Inverter Improved Gyrokinetic Inverter Improved Gyrokinetic Inverter Improved Gyrokinetic Inverter Combat Linear Gravjet Combat Linear Gravjet > --- UTILITY ---------- Advanced Cooling System Advanced Cooling System Advanced Cooling System Large Storage Unit Experimental Optical Array Advanced Targeting Computer Experimental Targeting Computer Advanced Target Analyzer Core Analyzer Improved Armor Integrity Analyzer Centrium Light Armor Plating Centrium Light Armor Plating > --- WEAPON ----------- Dispersion Rifle Dispersion Rifle Dispersion Rifle Helical Railgun > --- INVENTORY -------- Improved Quantum Reactor Advanced Hardlight Generator Advanced Shield Generator Enhanced Quantum Rifle Vortex Driver KE Penetrator Railgun Helical Railgun Hypervelocity Mass Driver Hypervelocity Mass Driver Hellfire Missile Launcher Katana [Rating: 181] Favorites ----------- Power Hybrid Deuterium Engine Engine Hybrid Deuterium Engine Power Core Light Fission Core Reactor Improved Quantum Reactor Propulsion Improved Gyrokinetic Inverter Treads Light Treads Leg Aluminum Leg Hover Unit Improved Gyrokinetic Inverter Utility Advanced Targeting Computer Device Advanced Cooling System Storage Large Storage Unit Processor Advanced Targeting Computer Hackware Improved Hacking Suite Protection Centrium Light Armor Plating Weapon Dispersion Rifle Energy Gun Dispersion Rifle Energy Cannon Advanced Plasma Cannon Ballistic Gun Light Assault Rifle Ballistic Cannon Improved Light Cannon Launcher Mini Grenade Launcher Special Weapon Field Lobotomy Kit Impact Weapon Power Maul Slashing Weapon Katana Build | -11 -10 -9 -9 -9 -8 -8 -7 -7 -7 -6 -6 -5 -5 -5 -5 -4 -4 -3 -3 -3 -2 -1 -1 ------- Run | Yrd Mat Mat Min Exi Min Mat Fac DSF Gar Fac DSF Fac Upp Upp War Pro Fac Res DSF Gar Res Acc Com Slots Evolved 18 | . . 2 . . . 2 2 . . 2 . 2 . . . . 2 2 . . 2 2 . Power 1 | . . . . . . . . . . . . 1 . . . . . . . . . . . Propulsion 5 | . . 1 . . . 1 1 . . 1 . . . . . . . 1 . . . . . Utility 10 | . . . . . . 1 1 . . 1 . 1 . . . . 1 1 . . 2 2 . Weapon 2 | . . 1 . . . . . . . . . . . . . . 1 . . . . . . Parts Attached 183 | 2 9 6 . . . 23 11 6 7 7 8 8 2 . 8 1 11 3 4 13 37 7 10 Power 22 | . 2 1 . . . 2 1 . 1 . 2 2 . . . . 1 1 1 3 4 . 1 Engine 8 | . 2 1 . . . 2 1 . . . 1 1 . . . . . . . . . . . Core 4 | . . . . . . . . . 1 . 1 1 . . . . 1 . . . . . . Reactor 10 | . . . . . . . . . . . . . . . . . . 1 1 3 4 . 1 Propulsion 44 | 2 . 2 . . . 12 5 . . 5 1 3 . . . . 5 . 1 2 3 . 3 Treads 15 | 2 . 2 . . . 11 . . . . . . . . . . . . . . . . . Leg . | . . . . . . . . . . . . . . . . . . . . . . . . Wheel . | . . . . . . . . . . . . . . . . . . . . . . . . Hover 29 | . . . . . . 1 5 . . 5 1 3 . . . . 5 . 1 2 3 . 3 Flight . | . . . . . . . . . . . . . . . . . . . . . . . . Utility 67 | . 3 1 . . . 4 4 3 3 2 2 2 2 . 3 1 5 1 . 5 18 5 3 Device 27 | . . . . . . 2 1 . . 1 . 1 1 . 3 . 3 . . 3 8 3 1 Storage 4 | . 2 . . . . . 1 . . . 1 . . . . . . . . . . . . Processor 23 | . 1 . . . . 1 2 2 2 1 . . 1 . . . . 1 . 2 7 1 2 Hackware 2 | . . . . . . . . . . . . 1 . . . . 1 . . . . . . Protection 11 | . . 1 . . . 1 . 1 1 . 1 . . . . 1 1 . . . 3 1 . Artifact . | . . . . . . . . . . . . . . . . . . . . . . . . Weapon 50 | . 4 2 . . . 5 1 3 3 . 3 1 . . 5 . . 1 2 3 12 2 3 Energy Gun 12 | . . . . . . 1 . . . . . . . . 1 . . 1 1 1 4 1 2 Energy Cannon 2 | . . . . . . . . . . . . . . . 1 . . . 1 . . . . Ballistic Gun 25 | . 4 2 . . . 2 . 2 2 . 2 1 . . 1 . . . . 1 7 . 1 Ballistic Cannon 2 | . . . . . . 2 . . . . . . . . . . . . . . . . . Launcher 4 | . . . . . . . . . 1 . . . . . 1 . . . . 1 . 1 . Special Weapon 2 | . . . . . . . . . . . 1 . . . 1 . . . . . . . . Impact Weapon 1 | . . . . . . . 1 . . . . . . . . . . . . . . . . Slashing Weapon 2 | . . . . . . . . 1 . . . . . . . . . . . . 1 . . Piercing Weapon . | . . . . . . . . . . . . . . . . . . . . . . . . Special Melee Weapon . | . . . . . . . . . . . . . . . . . . . . . . . . Unidentified Prototypes 18 | . . . . . . 1 . . . . . 2 . . 2 . . 1 . . 10 . 2 Parts Lost 20 | . 2 . . . . 3 . . . . . . . . . 1 . . 3 2 3 1 5 Power 2 | . 1 . . . . . . . . . . . . . . . . . 1 . . . . Propulsion 4 | . . . . . . 1 . . . . . . . . . 1 . . . 1 . . 1 Utility 8 | . 1 . . . . 1 . . . . . . . . . . . . 2 . 2 1 1 Weapon 6 | . . . . . . 1 . . . . . . . . . . . . . 1 1 . 3 Highest Loss Streak 5 | . 1 . . . . 3 . . . . . . . . . 1 . . 3 1 2 1 5 To Critical Strikes 1 | . . . . . . . . . . . . . . . . 1 . . . . . . . Average Backups 13 | 4 8 8 11 12 13 17 15 14 15 14 13 14 14 15 14 14 13 14 14 13 14 12 12 Power 1 | 1 . . 1 1 1 1 2 1 1 1 1 . 1 1 1 1 . . . . 1 1 1 Propulsion 3 | 2 4 6 6 6 6 7 1 1 1 1 1 1 1 1 1 . 1 2 1 . . 1 . Utility 4 | . 1 1 2 3 3 4 5 6 7 6 7 8 8 9 8 8 7 8 7 7 5 3 2 Weapon 3 | 1 1 1 2 2 2 2 4 5 5 5 4 4 3 3 3 4 3 4 4 4 7 7 7 Tool/Special . | . . . . . . . . . . . . . . . . . . . . . . . . Unused Backups 35 | . 3 . . . . 12 2 1 . . . 1 1 . 2 1 1 . . 2 6 . 3 Power 3 | . . . . . . 2 . . . . . . . . . . . . . . 1 . . Propulsion 12 | . . . . . . 10 1 . . . . . . . . . . . . . 1 . . Utility 7 | . 1 . . . . . 1 . . . . 1 . . 1 . . . . 1 2 . . Weapon 12 | . 2 . . . . . . 1 . . . . 1 . . 1 1 . . 1 2 . 3 Tool/Special 1 | . . . . . . . . . . . . . . . 1 . . . . . . . . Average Slot Usage (%) 96 | . 90 98 100 100 100 96 97 95 100 99 98 97 100 100 100 99 99 94 94 96 94 95 98 Engine 6 | . 14 11 11 11 11 9 7 7 4 . 2 5 5 5 5 5 5 3 4 . . . . Core 1 | . . . . . . . . . 2 6 3 5 5 5 5 5 5 1 . . . . . Reactor 2 | . . . . . . . . . . . . . . . . . . 2 3 8 8 8 8 Treads 14 | . 27 32 33 33 33 35 . . . . . . . . . . . . . . . . . Hover 17 | . . . . . . . 37 38 38 40 40 35 35 35 35 35 31 28 29 29 26 24 26 Device 5 | . . . . . . 4 . . . 5 . 4 5 4 4 4 9 11 3 7 11 17 16 Storage 7 | . 14 11 11 11 11 9 7 7 7 6 6 5 5 5 5 5 5 4 4 4 4 4 4 Processor 13 | . 5 . . . . 6 13 17 15 18 20 17 22 23 23 23 15 15 19 21 23 24 24 Protection 3 | . . 10 11 11 11 4 6 3 7 . 5 . . . . . . . 3 1 3 2 3 Energy Gun 4 | . . . . . . 8 7 4 . . . . . . . . . . 1 7 11 12 13 Ballistic Gun 14 | . 28 32 33 33 33 9 7 8 21 20 16 11 13 11 16 16 17 14 8 7 1 . 1 Ballistic Cannon 1 | . . . . . . 8 . . . . . . . . . . . . . . . . . Slashing Weapon 1 | . . . . . . . . 3 . . . 4 . . . . 2 3 4 . 3 4 1 Peak Build Rating 181 | 6 8 12 13 14 14 34 38 38 38 50 60 75 77 77 83 80 104 114 117 126 158 166 181 Average Rating 65 | 5 7 10 12 13 14 27 36 34 35 46 55 68 73 71 78 77 97 110 108 120 146 163 172 On Entrance 61 | 6 6 7 12 13 14 14 34 34 36 37 50 55 75 72 77 78 79 101 111 117 118 153 166 Avg Prop Armor Cover (%) 3 | . . . . . . . . 4 . 3 3 . . . . . . . 1 5 . . 5 Naked Turns . | . . . . . . . . . . . . . . . . . . . . . . . . Heaviest Build 106 | 11 87 93 93 93 93 106 46 36 38 34 47 47 49 49 56 55 55 63 69 77 80 79 84 Greatest Support 88 | 40 40 60 60 60 60 84 36 36 36 48 51 54 54 54 56 56 68 68 80 84 80 80 88 Greatest Overweight (x) 2 | . 2 1 1 1 1 1 1 1 1 . . 1 . . 1 . . . 2 1 1 . 1 Average Overweight (x) . | . 1 1 1 1 1 1 . . . . . . . . . . . . . . . . . Largest Inventory Capacity 25 | 8 25 25 25 25 25 25 25 15 15 15 15 15 15 15 15 15 15 15 15 15 15 15 15 Average Capacity 19 | 8 24 25 25 25 25 25 15 15 15 15 15 15 15 15 15 15 15 15 15 15 15 15 15 Most Carried 25 | 7 11 11 12 13 13 23 25 15 15 15 15 15 15 15 15 15 15 15 15 15 15 14 15 Average Carried 13 | 3 8 8 11 12 13 17 15 14 14 14 13 14 14 15 14 14 13 14 14 13 14 12 12 Final Capacity 25 | 8 25 25 25 25 25 25 15 15 15 15 15 15 15 15 15 15 15 15 15 15 15 15 15 Final Carried 23 | 2 11 11 12 13 13 23 15 15 15 15 14 15 15 15 15 15 15 15 13 12 15 12 12 Class Distribution -------------------- 21% | Mutant 20% | Gunner 18% | Scavenger-Gunner 11% | Skirmisher 9% | Scavenger-Tank 6% | Scout 5% | Scavenger-Skirmisher 3% | Ninja Dominant Class ---------------- Mutant | -10/Materials Scavenger-Tank | -9/Materials Scavenger-Tank | -9/Mines Scavenger-Tank | -9/Exiles Scavenger-Skirmisher | -8/Mines Skirmisher | -8/Materials Mutant | -7/Factory Mutant | -7/DSF Gunner | -7/Garrison Scout | -6/Factory Gunner | -6/DSF Scout | -5/Factory Gunner | -5/Upper Caves Gunner | -5/Upper Caves Gunner | -5/Warlord Gunner | -4/Proximity Caves Ninja | -4/Factory Ninja | -3/Research Gunner | -3/DSF Gunner | -3/Garrison Scavenger-Gunner | -2/Research Scavenger-Gunner | -1/Access Scavenger-Gunner | -1/Command Resources | -11 -10 -9 -9 -9 -8 -8 -7 -7 -7 -6 -6 -5 -5 -5 -5 -4 -4 -3 -3 -3 -2 -1 -1 ----------- Run | Yrd Mat Mat Min Exi Min Mat Fac DSF Gar Fac DSF Fac Upp Upp War Pro Fac Res DSF Gar Res Acc Com Matter Collected 5838 | 204 343 144 45 . . 680 87 . 425 33 379 110 11 243 543 331 . 103 55 516 1093 135 358 Remotely . | . . . . . . . . . . . . . . . . . . . . . . . . Salvage Created 6571 | . 627 322 182 . 18 1134 87 . 381 29 183 375 . 69 227 276 . 103 55 574 898 606 425 Parts 314 | . 40 16 20 . 1 69 . . 18 2 5 17 . 8 8 17 . 9 . 23 33 16 12 Haulers Intercepted 13 | . 2 . . . . 6 . . . . . 2 . . . . . . . . 2 1 . Recyclers Shooed 3 | . . 1 . . . 1 . . . . . 1 . . . . . . . . . . . Parts Field Recycled . | . . . . . . . . . . . . . . . . . . . . . . . . Retrieved Matter . | . . . . . . . . . . . . . . . . . . . . . . . . Parts Self-Destructed 15 | . . . . . . . . . . . . . . 8 . 7 . . . . . . . Prevented 3 | . . . . . . . . . . . . . . . . 3 . . . . . . . Parts Restored . | . . . . . . . . . . . . . . . . . . . . . . . . Kills | -11 -10 -9 -9 -9 -8 -8 -7 -7 -7 -6 -6 -5 -5 -5 -5 -4 -4 -3 -3 -3 -2 -1 -1 ------- Run | Yrd Mat Mat Min Exi Min Mat Fac DSF Gar Fac DSF Fac Upp Upp War Pro Fac Res DSF Gar Res Acc Com Combat Hostiles Destroyed 112 | . 15 7 7 . 1 16 . . 7 . 3 . . 5 8 7 . 1 1 12 9 5 8 Guns 82 | . 15 7 7 . 1 6 . . 7 . 3 . . 1 1 5 . 1 . 8 9 5 6 Cannons 11 | . . . . . . 9 . . . . . . . . . . . . 1 1 . . . AOE 16 | . . . . . . . . . . . . . . 4 7 2 . . . 3 . . . Classes Destroyed 22 | . 8 1 . . . 4 1 . 1 . . . . . 1 1 . . 1 1 3 . . Worker 12 | . 1 . . . . 3 . . . 1 . 5 . . . . . 2 . . . . . Builder 4 | . . . . . . 1 1 . . . . 1 . . . . . . . . 1 . . Tunneler 4 | . 1 . . . . 1 . . . . . . . . . . . . . . 2 . . Hauler 13 | . 2 . . . . 6 . . . . . 2 . . . . . . . . 2 1 . Recycler 3 | . 2 . 1 . . . . . . . . . . . . . . . . . . . . Mechanic 1 | . . . . . . . 1 . . . . . . . . . . . . . . . . Operator 6 | . 1 . . . . 1 . . . . . 1 . . . . . . . . 1 . 2 Watcher 7 | . 1 . . . . 2 1 . . . . . . . . . . . . . 1 1 1 Swarmer 35 | . 10 . 7 . 1 . . . . . . . . 5 . 5 . . . 6 . . 1 Grunt 36 | . 5 5 . . . 8 . . 2 . 1 . . . 7 . . . . 2 2 2 2 Brawler 1 | . . . . . . 1 . . . . . . . . . . . . . . . . . Duelist 1 | . . . . . . . . . . . . . . . 1 . . . . . . . . Sentry 14 | . . 2 . . . 5 . . 2 . . . . . . . . . . . 2 1 2 Demolisher 1 | . . . . . . . . . . . . . . . . . . . . . 1 . . Specialist 1 | . . . . . . . . . . . . . . . . . . . 1 . . . . Hunter 5 | . . . . . . 1 . . . . 2 . . . . . . . . . 2 . . Programmer 7 | . . . . . . . . . 3 . . . . . . . . 1 . 3 . . . Heavy 2 | . . . . . . 1 . . . . . . . . . . . . . . . 1 . Behemoth 4 | . . . . . . . . . . . . . . . . . . . . 1 . 1 2 Striker 1 | . . . . . . . . . . . . . . . . . . . . . 1 . . Executioner 2 | . . . . . . . . . . . . . . . . . . . . . 1 . 1 Thug 1 | . . . . . . . . . . . . . . . 1 . . . . . . . . Savage 1 | . . . . . . . . . . . . . . . . 1 . . . . . . . Mutant 1 | . . . . . . . . . . . . . . . . 1 . . . . . . . Best Kill Streak 7 | . 4 5 4 . 1 4 1 . 4 1 2 2 . 5 7 4 . 3 1 6 3 3 2 Combat Bots Only 7 | . 3 5 4 . 1 3 . . 4 . 2 . . 5 7 4 . 1 1 6 2 3 2 Max Kills in Single Turn 5 | . 1 1 2 . 1 2 1 . 1 1 1 1 . 2 5 2 . 2 1 2 2 2 1 Gunslinging 1 | . . . 1 . . . . . . . . . . . . . . . . . 1 1 . Exploded 5 | . . . . . . . . . . . . . . 2 5 2 . . . 2 . . . Melee . | . . . . . . . . . . . . . . . . . . . . . . . . Uniques/NPCs Destroyed . | . . . . . . . . . . . . . . . . . . . . . . . . Combat | -11 -10 -9 -9 -9 -8 -8 -7 -7 -7 -6 -6 -5 -5 -5 -5 -4 -4 -3 -3 -3 -2 -1 -1 -------- Run | Yrd Mat Mat Min Exi Min Mat Fac DSF Gar Fac DSF Fac Upp Upp War Pro Fac Res DSF Gar Res Acc Com Hostile Shots Fired 652 | . 106 28 23 . 1 62 . 4 78 1 5 . . 11 12 14 8 8 64 63 21 10 133 Missed 231 | . 33 9 7 . . 17 . 2 37 1 3 . . 1 1 5 2 2 17 19 6 6 63 Hits 421 | . 73 19 16 . 1 45 . 2 41 . 2 . . 10 11 9 6 6 47 44 15 4 70 Projectile 421 | . 73 19 16 . 1 45 . 2 41 . 2 . . 10 11 9 6 6 47 44 15 4 70 AOE 1 | . . . . . . . . . . . . . . . . . . . . . 1 . . Critical Strikes 13 | . 2 . 1 . . 3 . . 2 . . . . . 1 1 . . . 1 . . 2 Actively Blocked 1 | . . . . . . 1 . . . . . . . . . . . . . . . . . Part Disruptions 1 | . . . . . . . . . . . . . . . . . . . . 1 . . . Damage Taken 6558 | . 679 224 124 . 8 799 . 72 423 . 37 . . 153 229 111 37 143 505 1061 293 88 1572 Core 922 | . 159 7 39 . . 125 . . 65 . . . . 42 . . 13 . 27 241 17 . 187 Absorbed by Shields 513 | . . . . . . 127 . . . . . . . . 54 32 . . 131 . 24 6 139 Redirected to Shielding 104 | . . 11 7 . . 39 . . . . . . . . . . 7 . . 29 11 . . Regen/Repaired (Parts) 492 | . 50 128 . . . 141 . . . . . . . . . . 138 . . . 35 . . Core Remaining (%) 86 | 100 36 . . . 88 77 . . 90 . 100 . . . . 95 98 . . 79 98 . 88 Volleys Fired 401 | . 85 18 8 . 3 58 . . 29 1 16 . 11 5 22 14 1 4 6 38 26 17 39 Largest 4 | . 2 3 3 . 3 3 . . 3 3 3 . 1 3 3 3 4 4 3 4 4 3 4 Hottest 352 | . 40 63 63 . 63 126 . . 74 66 81 . 30 88 90 320 118 118 100 306 297 264 352 Shots Fired 1051 | . 170 54 24 . 9 162 . . 79 3 38 . 11 10 59 41 4 16 9 101 80 49 132 Gun 961 | . 170 54 24 . 9 112 . . 77 3 33 . . 6 57 39 4 16 4 93 80 48 132 Cannon 60 | . . . . . . 50 . . . . . . . . . . . . 5 5 . . . Launcher 23 | . . . . . . . . . 2 . . . 11 4 . 2 . . . 3 . 1 . Special 7 | . . . . . . . . . . . 5 . . . 2 . . . . . . . . Kinetic 684 | . 170 54 24 . 9 106 . . 77 3 33 . . 6 57 39 4 16 4 47 15 . 20 Thermal 331 | . . . . . . 56 . . . . . . . . . 2 . . . 48 65 48 112 Explosive 23 | . . . . . . . . . 2 . . . 11 4 2 . . . . 3 . 1 . Electromagnetic . | . . . . . . . . . . . . . . . . . . . . . . . . Entropic 8 | . . . . . . . . . . . . . . . . . . . 5 3 . . . Robot Hit Streak 30 | . 24 14 12 . 1 16 . . 13 3 8 . . 2 7 11 . 9 17 30 29 15 18 Robot Miss Streak 6 | . 5 3 6 . 6 3 . . 4 . 4 . . 1 4 2 . 2 . 2 1 1 4 Penetration Max 1 | . . . . . . . . . . . 1 . . . 1 . . 1 . . 1 . 1 Secondary Targets 13 | . 5 . 3 . . . . . . . . . . . 1 . . . . . 1 1 2 Max Gunslinging Chain 1 | . 1 . 1 . . . . . . . . . . . 1 . . . . . 1 1 1 Shots Hit Robots 747 | . 114 39 17 . 2 107 3 . 53 2 24 35 . 3 38 26 . 20 10 61 63 39 91 Core Hits 334 | . 40 20 9 . 2 52 . . 29 2 10 7 . 7 23 14 . 5 2 26 33 22 31 Critical Kills 14 | . . 1 . . . 1 . . 1 . . . . . . . . . . 1 5 2 3 Critical Parts Destroyed 29 | . 1 . . . . 1 1 . 1 . . . . 1 3 1 . 1 . 3 5 1 10 Critical Strikes 52 | . 1 1 . . . 2 1 . 2 . . 3 . 1 4 1 . 1 1 6 10 3 15 Destroy 45 | . 1 1 . . . 2 . . 2 . . . . 1 3 1 . 1 . 5 10 3 15 Smash 1 | . . . . . . . 1 . . . . . . . . . . . . . . . . Sever 4 | . . . . . . . . . . . . 3 . . 1 . . . . . . . . Sunder 2 | . . . . . . . . . . . . . . . . . . . 1 1 . . . Melee Attacks 140 | . . . . . . . 8 . 9 . . 57 . . 1 . 5 10 4 . 21 4 21 Impact 8 | . . . . . . . 8 . . . . . . . . . . . . . . . . Slashing 132 | . . . . . . . . . 9 . . 57 . . 1 . 5 10 4 . 21 4 21 Piercing . | . . . . . . . . . . . . . . . . . . . . . . . . Sneak Attacks 21 | . . . . . . . 3 . . . . 12 . . . . . 3 . . 3 . . Combat Hostiles . | . . . . . . . . . . . . . . . . . . . . . . . . Follow-up Attacks . | . . . . . . . . . . . . . . . . . . . . . . . . Damage Inflicted 18603 | . 1011 366 241 . 21 1953 291 . 851 19 344 1616 . 284 2384 642 . 758 574 2097 1930 1053 2168 Guns 12211 | . 975 366 213 . 21 1205 . . 764 19 344 . . 56 922 534 . 419 64 1424 1664 1053 2168 Cannons 1467 | . . . . . . 670 . . . . . . . . . . . . 441 356 . . . Explosions 2128 | . . . . . . . . . 87 . . . . 228 1388 108 . . . 317 . . . Melee 2581 | . . . . . . . 291 . . . . 1616 . . . . . 339 69 . 266 . . Ramming 142 | . 36 . 28 . . 78 . . . . . . . . . . . . . . . . . Kinetic 7060 | . 975 366 213 . 21 1295 . . 764 19 344 . . 56 922 534 . 419 64 647 260 . 161 Thermal 6007 | . . . . . . 580 . . . . . . . . . 108 . . . 855 1404 1053 2007 Explosive 2020 | . . . . . . . . . 87 . . . . 228 1388 . . . . 317 . . . Electromagnetic . | . . . . . . . . . . . . . . . . . . . . . . . . Impact 291 | . . . . . . . 291 . . . . . . . . . . . . . . . . Slashing 2364 | . . . . . . . . . . . . 1616 . . 74 . . 339 69 . 266 . . Piercing . | . . . . . . . . . . . . . . . . . . . . . . . . Entropic 719 | . . . . . . . . . . . . . . . . . . . 441 278 . . . Highest Corruption 8 | . 1 . . . . 3 . . 2 . . . . . . . . 2 2 8 . . 3 Average Corruption 2 | . 1 . . . . 2 . . 1 . . . . . . . . 1 2 6 . . 2 Corruption Purged . | . . . . . . . . . . . . . . . . . . . . . . . . Corruption Blocked . | . . . . . . . . . . . . . . . . . . . . . . . . Effects 105 | . 18 . . . . 53 . . 2 . . . . . . . . . 3 23 . . 6 Message Errors 30 | . 5 . . . . 14 . . 1 . . . . . . . . . . 7 . . 3 Matter Fused 20 | . 5 . . . . 7 . . 1 . . . . . . . . . 2 4 . . 1 Heat Flow Errors 10 | . 1 . . . . 6 . . . . . . . . . . . . . 3 . . . Energy Discharges 11 | . 1 . . . . 10 . . . . . . . . . . . . . . . . . Parts Rejected 1 | . 1 . . . . . . . . . . . . . . . . . . . . . . Data Loss (minor) 16 | . 3 . . . . 6 . . . . . . . . . . . . . 5 . . 2 Data Loss (major) 5 | . 2 . . . . 3 . . . . . . . . . . . . . . . . . Misfires 7 | . . . . . . 4 . . . . . . . . . . . . 1 2 . . . Alerts 3 | . . . . . . 2 . . . . . . . . . . . . . 1 . . . Weapon Failures 2 | . . . . . . 1 . . . . . . . . . . . . . 1 . . . Overload Shots . | . . . . . . . . . . . . . . . . . . . . . . . . Overflow Damage 798 | . . . . . . 10 211 . 4 . . 293 . . 10 . . 44 61 71 94 . . Projectiles 81 | . . . . . . 10 . . . . . . . . . . . . 61 10 . . . Explosions 75 | . . . . . . . . . 4 . . . . . 10 . . . . 61 . . . Melee 642 | . . . . . . . 211 . . . . 293 . . . . . 44 . . 94 . . Knockbacks 4 | . . . . . . 3 1 . . . . . . . . . . . . . . . . Impact 1 | . . . . . . . 1 . . . . . . . . . . . . . . . . Kinetic 3 | . . . . . . 3 . . . . . . . . . . . . . . . . . Secondary . | . . . . . . . . . . . . . . . . . . . . . . . . Self-Inflicted Damage 23 | . . . . . . . . . . . . . . . . . . . . 23 . . . Shots 1 | . . . . . . . . . . . . . . . . . . . . 1 . . . Rammed 18 | . 7 . 3 . . 8 . . . . . . . . . . . . . . . . . Targets Rammed 19 | . 8 . 3 . . 8 . . . . . . . . . . . . . . . . . Kicked . | . . . . . . . . . . . . . . . . . . . . . . . . Crushed 1 | . 1 . . . . . . . . . . . . . . . . . . . . . . Highest Temperature 535 | . 178 40 18 . 18 241 . . 57 7 6 58 294 302 302 528 318 45 185 535 432 254 316 Average Temperature 86 | . 31 16 13 . 13 61 . . 17 4 6 22 79 106 122 64 114 16 89 125 142 87 91 Received Heat Transfer 986 | . 174 75 . . . 204 . . 72 . . . . . 111 12 . . 212 88 23 9 6 Effects 15 | . . . . . . . . . . . . . 1 . 2 2 1 . . 4 4 . 1 Shutdowns 5 | . . . . . . . . . . . . . . . . 1 . . . 2 2 . . Energy Bleed 6 | . . . . . . . . . . . . . 1 . 1 . 1 . . 1 1 . 1 Matter Decay 1 | . . . . . . . . . . . . . . . 1 . . . . . . . . Short Circuit 2 | . . . . . . . . . . . . . . . . 1 . . . 1 . . . Damage (minor) 1 | . . . . . . . . . . . . . . . . . . . . . 1 . . Siege Activations . | . . . . . . . . . . . . . . . . . . . . . . . . Martial Activations . | . . . . . . . . . . . . . . . . . . . . . . . . Shielding Activations . | . . . . . . . . . . . . . . . . . . . . . . . . Robots Disrupted . | . . . . . . . . . . . . . . . . . . . . . . . . Combat Hostiles . | . . . . . . . . . . . . . . . . . . . . . . . . Robots Corrupted 1 | . . . . . . . 1 . . . . . . . . . . . . . . . . Combat Hostiles . | . . . . . . . . . . . . . . . . . . . . . . . . Parts Fried 4 | . . . . . . . 4 . . . . . . . . . . . . . . . . Impact Corruptions 6 | . . . . . . . 6 . . . . . . . . . . . . . . . . Robots Melted 3 | . . . . . . 1 . . . . . . . . . . . . . . . . 2 Combat Hostiles 3 | . . . . . . 1 . . . . . . . . . . . . . . . . 2 Parts Melted 20 | . . . . . . 5 . . . . . . . . . . . . . . 8 1 6 Heat Transferred 8438 | . . . . . . 1480 . . . . . . . . . 80 . . . 1099 1868 1303 2608 Parts Sabotaged . | . . . . . . . . . . . . . . . . . . . . . . . . Parts Stolen . | . . . . . . . . . . . . . . . . . . . . . . . . Parts Stripped . | . . . . . . . . . . . . . . . . . . . . . . . . Power Chain Reactions . | . . . . . . . . . . . . . . . . . . . . . . . . Alert | -11 -10 -9 -9 -9 -8 -8 -7 -7 -7 -6 -6 -5 -5 -5 -5 -4 -4 -3 -3 -3 -2 -1 -1 ------- Run | Yrd Mat Mat Min Exi Min Mat Fac DSF Gar Fac DSF Fac Upp Upp War Pro Fac Res DSF Gar Res Acc Com Maximum Alert Level 2 | . . . . . . 1 . . 1 . . . . . . . . . . 2 1 . . Low Security (%) 83 | 100 100 100 100 . 100 73 100 100 57 100 100 100 . . . . 100 100 100 70 38 100 100 Level 1 15 | . . . . . . 26 . . 42 . . . . . . . . . . 9 61 . . Level 2 1 | . . . . . . . . . . . . . . . . . . . . 20 . . . Level 3 . | . . . . . . . . . . . . . . . . . . . . . . . . Level 4 . | . . . . . . . . . . . . . . . . . . . . . . . . Level 5 . | . . . . . . . . . . . . . . . . . . . . . . . . High Security . | . . . . . . . . . . . . . . . . . . . . . . . . Max Security . | . . . . . . . . . . . . . . . . . . . . . . . . Sterilizations 1 | . . . . . . . . . . . 1 . . . . . . . . . . . . Peak Influence 480 | . 143 100 158 . 70 270 114 . 365 196 161 105 . . . . 52 50 35 480 298 175 105 Initial 270 | . . 34 23 . . 23 114 . . 191 109 84 . . . . . 6 7 26 270 43 73 Average 98 | . 47 47 62 . 29 137 35 . 154 173 114 54 . . . . 11 19 17 191 199 126 35 Influence Increases 4626 | . 476 180 165 . 93 705 36 . 365 16 132 238 . 110 250 155 96 60 50 474 363 232 430 Destroy 0b10 Robot/C 2400 | . 300 140 140 . 60 400 . . 140 . 120 . . 100 160 100 . 20 20 240 180 100 180 Destroy 0b10 Robot/NC 260 | . 35 . 5 . . 80 15 . . 5 . 45 . . . . . 10 . 5 35 10 15 Destroy Leader 462 | . 66 40 20 . 10 128 2 . 10 . . 4 . 10 . 10 . 10 . 40 46 44 22 Allied During Kill 52 | . . . . . 8 24 . . . . 12 . . . . . . . . . . . 8 Successful Hack 273 | . 30 . . . . 34 . . 14 11 . 45 . . . . 39 3 . . . . 97 Disable Machine 240 | . . . . . . 15 15 . 15 . . 30 . . . . 30 15 15 60 . 15 30 Anti-Garrison Action 100 | . . . . . . . . . 100 . . . . . . . . . . . . . . Destroy Structure 314 | . . . . . . 9 4 . 41 . . 24 . . . . 12 2 . 69 42 63 48 Partial Spotted 90 | . . . . . . 15 . . 15 . . 30 . . . . . . . . 15 . 15 Lose Combat Pursuer 435 | . 45 . . . 15 . . . 30 . . 60 . . 90 45 15 . 15 60 45 . 15 Influence Decreases 4616 | . 393 203 225 . 33 513 288 . . 224 128 379 20 30 162 323 84 62 25 29 770 190 535 Entered New Map 1116 | . . 49 37 . . 37 138 . . 174 48 77 8 . 80 168 . 6 3 9 210 30 42 Time Decay 3182 | . 373 154 188 . 20 431 150 . . 50 . 302 12 30 82 145 84 56 . . 530 150 425 Lost Part 165 | . 20 . . . . 5 . . . . . . . . . 10 . . 22 20 30 10 48 Lost Ally 153 | . . . . . 13 40 . . . . 80 . . . . . . . . . . . 20 Squads Dispatched 20 | . 2 1 . . . 2 . 1 . . . 3 . . . . . 1 . . 1 3 6 Investigation 3 | . 1 1 . . . . . . . . . 1 . . . . . . . . . . . Extermination 5 | . . . . . . . . . . . . 1 . . . . . 1 . . . 1 2 Reinforcement 12 | . 1 . . . . 2 . 1 . . . 1 . . . . . . . . 1 2 4 Assault . | . . . . . . . . . . . . . . . . . . . . . . . . Garrison . | . . . . . . . . . . . . . . . . . . . . . . . . Intercept . | . . . . . . . . . . . . . . . . . . . . . . . . Searches Triggered . | . . . . . . . . . . . . . . . . . . . . . . . . Unchained Authorized 1 | . . . . . . . . . . . . . . . . . . . . . . 1 . Construction Impeded . | . . . . . . . . . . . . . . . . . . . . . . . . Haulers Reinforced 1 | . . . . . . . . . . . . 1 . . . . . . . . . . . Active Scanning Responses . | . . . . . . . . . . . . . . . . . . . . . . . . Cargo Convoy Interrupts . | . . . . . . . . . . . . . . . . . . . . . . . . Stealth | -11 -10 -9 -9 -9 -8 -8 -7 -7 -7 -6 -6 -5 -5 -5 -5 -4 -4 -3 -3 -3 -2 -1 -1 --------- Run | Yrd Mat Mat Min Exi Min Mat Fac DSF Gar Fac DSF Fac Upp Upp War Pro Fac Res DSF Gar Res Acc Com Distress Signals 19 | . . 2 . . . 2 . . . . . . . . . . 1 . . . 11 2 1 Communications Jammed 14 | . . . . . . . . . . . . . . . . . 2 . . . 8 2 2 Distress Signals 14 | . . . . . . . . . . . . . . . . . 2 . . . 8 2 2 Times Spotted 260 | . 34 15 6 . 4 32 . 2 8 2 13 7 . 5 40 9 7 1 2 13 22 8 30 Peak Tracking Total 13 | . 4 6 3 . 4 5 . 3 4 2 4 4 . 5 13 4 6 1 1 3 5 4 10 Tactical Retreats 19 | . 2 . . . 1 . . . 1 . . 1 . . 4 1 1 . 1 3 3 . 1 Traps | -11 -10 -9 -9 -9 -8 -8 -7 -7 -7 -6 -6 -5 -5 -5 -5 -4 -4 -3 -3 -3 -2 -1 -1 ------- Run | Yrd Mat Mat Min Exi Min Mat Fac DSF Gar Fac DSF Fac Upp Upp War Pro Fac Res DSF Gar Res Acc Com Traps Triggered 21 | . 1 . . . . 2 . 1 4 . 1 . . . . . . . 1 4 . . 7 Indirectly . | . . . . . . . . . . . . . . . . . . . . . . . . Trap Hack Attempts . | . . . . . . . . . . . . . . . . . . . . . . . . Triggered . | . . . . . . . . . . . . . . . . . . . . . . . . Disarmed . | . . . . . . . . . . . . . . . . . . . . . . . . Reprogrammed . | . . . . . . . . . . . . . . . . . . . . . . . . Reused . | . . . . . . . . . . . . . . . . . . . . . . . . Traps Extracted . | . . . . . . . . . . . . . . . . . . . . . . . . Installed . | . . . . . . . . . . . . . . . . . . . . . . . . Triggered . | . . . . . . . . . . . . . . . . . . . . . . . . Machines | -11 -10 -9 -9 -9 -8 -8 -7 -7 -7 -6 -6 -5 -5 -5 -5 -4 -4 -3 -3 -3 -2 -1 -1 ---------- Run | Yrd Mat Mat Min Exi Min Mat Fac DSF Gar Fac DSF Fac Upp Upp War Pro Fac Res DSF Gar Res Acc Com Machines Disabled 19 | . . . . . . 1 1 . 3 . . 2 . . 1 . 2 1 1 4 . 1 2 Max in Single Turn 2 | . . . . . . 1 1 . 1 . . 1 . . 1 . 2 1 1 1 . 1 1 Garrison Access 2 | . . . . . . . . . . . . . . . . . 1 . . . 1 . . Garrison Relay 2 | . . . . . . . . . 2 . . . . . . . . . . . . . . Energy Cycler 1 | . . . . . . . . . . . . . . . . . . . . . . 1 . Machines Repaired . | . . . . . . . . . . . . . . . . . . . . . . . . Machines Dismantled . | . . . . . . . . . . . . . . . . . . . . . . . . Machines Sabotaged . | . . . . . . . . . . . . . . . . . . . . . . . . Overloaded Fab Kills . | . . . . . . . . . . . . . . . . . . . . . . . . Hacking | -11 -10 -9 -9 -9 -8 -8 -7 -7 -7 -6 -6 -5 -5 -5 -5 -4 -4 -3 -3 -3 -2 -1 -1 --------- Run | Yrd Mat Mat Min Exi Min Mat Fac DSF Gar Fac DSF Fac Upp Upp War Pro Fac Res DSF Gar Res Acc Com Machines Accessed 63 | . 8 1 . 1 . 9 4 . 1 4 . 13 1 . 1 . 3 1 . . 5 . 11 Terminals 39 | . 7 . . . . 6 3 . 1 4 . 6 . . . . 1 1 . . 2 . 8 Fabricators 2 | . . . . . . . . . . . . 2 . . . . . . . . . . . Repair Stations 10 | . 1 1 . . . 2 1 . . . . 1 . . . . 1 . . . . . 3 Recycling Units 1 | . . . . . . . . . . . . . . . . . . . . . 1 . . Scanalyzers 3 | . . . . . . . . . . . . 2 . . . . . . . . 1 . . Garrison Access 5 | . . . . . . 1 . . . . . 2 . . . . 1 . . . 1 . . Total Hacks 140 | . 29 5 . 1 . 25 7 . 1 10 . 31 1 . 1 . 4 1 . . 8 . 16 Successful 70 | . 16 3 . 1 . 14 3 . 1 4 . 12 1 . 1 . 4 1 . . 3 . 6 Failed 69 | . 12 2 . . . 11 4 . . 6 . 19 . . . . . . . . 5 . 10 Catastrophic 12 | . . . . . . 1 2 . . 1 . 5 . . . . . . . . 1 . 2 Database Lockouts 1 | . 1 . . . . . . . . . . . . . . . . . . . . . . Manual 44 | . 18 . . 1 . 7 3 . . 5 . 5 . . . . . . . . . . 5 Terminals 89 | . 25 . . . . 16 6 . 1 10 . 14 . . . . 1 1 . . 3 . 12 Fabricators 4 | . . . . . . . . . . . . 4 . . . . . . . . . . . Repair Stations 24 | . 4 5 . . . 7 1 . . . . 1 . . . . 2 . . . . . 4 Recycling Units 3 | . . . . . . . . . . . . . . . . . . . . . 3 . . Scanalyzers 9 | . . . . . . . . . . . . 8 . . . . . . . . 1 . . Garrison Access 8 | . . . . . . 2 . . . . . 4 . . . . 1 . . . 1 . . Terminal Hacks 34 | . 10 . . 1 . 6 2 . 1 3 . 3 1 . 1 . 1 1 . . . . 4 Robot Analysis 4 | . 4 . . . . . . . . . . . . . . . . . . . . . . Prototype ID Bank 8 | . 4 . . . . 2 . . . 1 . 1 . . . . . . . . . . . Open Door 2 | . . . . . . . . . . . . . 1 . 1 . . . . . . . . Open DSF 3 | . . . . . . . 1 . . 1 . . . . . . . 1 . . . . . Branch Access Points 2 | . . . . . . . . . . 1 . 1 . . . . . . . . . . . Terminal Index 2 | . . . . . . 1 . . . . . 1 . . . . . . . . . . . Alert Level 1 | . . . . . . . . . . . . . . . . . 1 . . . . . . Locate Traps 1 | . . . . . . . . . . . . . . . . . . . . . . . 1 Patrol Status 1 | . . . . . . . . . . . . . . . . . . . . . . . 1 Transport Status 1 | . . . . . . 1 . . . . . . . . . . . . . . . . . Hauler Manifests 3 | . 1 . . . . 1 1 . . . . . . . . . . . . . . . . Zone Layout 2 | . 1 . . . . 1 . . . . . . . . . . . . . . . . . Garrison Registry 1 | . . . . . . . . . 1 . . . . . . . . . . . . . . Proto ID Catalog 1 | . . . . 1 . . . . . . . . . . . . . . . . . . . Disengage Seal 2 | . . . . . . . . . . . . . . . . . . . . . . . 2 Fabricator Hacks 2 | . . . . . . . . . . . . 2 . . . . . . . . . . . Network Status 2 | . . . . . . . . . . . . 2 . . . . . . . . . . . Repair Station Hacks 12 | . 2 3 . . . 4 . . . . . . . . . . 2 . . . . . 1 Scan Component 7 | . 1 2 . . . 2 . . . . . . . . . . 1 . . . . . 1 Repair 5 | . 1 1 . . . 2 . . . . . . . . . . 1 . . . . . . Recycling Unit Hacks 2 | . . . . . . . . . . . . . . . . . . . . . 2 . . Process 1 | . . . . . . . . . . . . . . . . . . . . . 1 . . Retrieve Matter 1 | . . . . . . . . . . . . . . . . . . . . . 1 . . Scanalyzer 4 | . . . . . . . . . . . . 4 . . . . . . . . . . . Insert Component 1 | . . . . . . . . . . . . 1 . . . . . . . . . . . Analyze 1 | . . . . . . . . . . . . 1 . . . . . . . . . . . Retrieve Study 2 | . . . . . . . . . . . . 2 . . . . . . . . . . . Garrison Access Hacks 2 | . . . . . . . . . . . . . . . . . 1 . . . 1 . . Seal Access 2 | . . . . . . . . . . . . . . . . . 1 . . . 1 . . Unauthorized Hacks 14 | . 4 . . . . 4 1 . . 1 . 3 . . . . . . . . . . 1 Terminals 14 | . 4 . . . . 4 1 . . 1 . 3 . . . . . . . . . . 1 Assimilate 3 | . 1 . . . . . . . . . . 2 . . . . . . . . . . . Botnet 11 | . 3 . . . . 4 1 . . 1 . 1 . . . . . . . . . . 1 Fabricators . | . . . . . . . . . . . . . . . . . . . . . . . . Repair Stations . | . . . . . . . . . . . . . . . . . . . . . . . . Recycling Units . | . . . . . . . . . . . . . . . . . . . . . . . . Scanalyzers . | . . . . . . . . . . . . . . . . . . . . . . . . Garrison Access . | . . . . . . . . . . . . . . . . . . . . . . . . Data Cores Recovered 1 | . . . . . . . . . . . . 1 . . . . . . . . . . . Used 1 | . . . . . . . . . . . . 1 . . . . . . . . . . . Hacking Detections 48 | . 8 1 . . . 6 3 . 1 3 . 11 . . . . . . . . 4 . 11 Full Trace Events 3 | . 1 1 . . . . . . . . . 1 . . . . . . . . . . . Feedback Events . | . . . . . . . . . . . . . . . . . . . . . . . . Feedback Blocked . | . . . . . . . . . . . . . . . . . . . . . . . . Robot Schematics Acquired . | . . . . . . . . . . . . . . . . . . . . . . . . Robots Built . | . . . . . . . . . . . . . . . . . . . . . . . . Authchips . | . . . . . . . . . . . . . . . . . . . . . . . . Time . | . . . . . . . . . . . . . . . . . . . . . . . . Total Robot Build Rating . | . . . . . . . . . . . . . . . . . . . . . . . . Part Schematics Acquired 1 | . . . . . . . . . . . . 1 . . . . . . . . . . . Parts Built . | . . . . . . . . . . . . . . . . . . . . . . . . Authchips . | . . . . . . . . . . . . . . . . . . . . . . . . Time . | . . . . . . . . . . . . . . . . . . . . . . . . Total Part Build Rating . | . . . . . . . . . . . . . . . . . . . . . . . . Part Studies Acquired 2 | . . . . . . . . . . . . 2 . . . . . . . . . . . Parts Repaired 5 | . 1 1 . . . 2 . . . . . . . . . . 1 . . . . . . Time 138 | . 26 26 . . . 70 . . . . . . . . . . 16 . . . . . . Parts Recycled . | . . . . . . . . . . . . . . . . . . . . . . . . Recycled Matter 5 | . . . . . . . . . . . . . . . . . . . . . 5 . . Retrieved Matter 5 | . . . . . . . . . . . . . . . . . . . . . 5 . . Retrieved Components . | . . . . . . . . . . . . . . . . . . . . . . . . Parts Scanalyzed 1 | . . . . . . . . . . . . 1 . . . . . . . . . . . Part Schematics Acquired 1 | . . . . . . . . . . . . 1 . . . . . . . . . . . Parts Damaged . | . . . . . . . . . . . . . . . . . . . . . . . . Bothacking | -11 -10 -9 -9 -9 -8 -8 -7 -7 -7 -6 -6 -5 -5 -5 -5 -4 -4 -3 -3 -3 -2 -1 -1 ------------ Run | Yrd Mat Mat Min Exi Min Mat Fac DSF Gar Fac DSF Fac Upp Upp War Pro Fac Res DSF Gar Res Acc Com Used RIF Installer . | . . . . . . . . . . . . . . . . . . . . . . . . Robots Hacked . | . . . . . . . . . . . . . . . . . . . . . . . . Non-combat . | . . . . . . . . . . . . . . . . . . . . . . . . Combat . | . . . . . . . . . . . . . . . . . . . . . . . . Robot Hacks Applied . | . . . . . . . . . . . . . . . . . . . . . . . . Relay Couplers Released 12 | . . . . . . . . . 12 . . . . . . . . . . . . . . Machine Destruction 8 | . . . . . . . . . 8 . . . . . . . . . . . . . . Programmers 4 | . . . . . . . . . 4 . . . . . . . . . . . . . . Fabnet Peak Effective % . | . . . . . . . . . . . . . . . . . . . . . . . . Robots Rewired 3 | . . . . . . . . . . . . . . . . 2 . . . . . . 1 Allies Hacked . | . . . . . . . . . . . . . . . . . . . . . . . . Hacks Repelled . | . . . . . . . . . . . . . . . . . . . . . . . . Allies | -11 -10 -9 -9 -9 -8 -8 -7 -7 -7 -6 -6 -5 -5 -5 -5 -4 -4 -3 -3 -3 -2 -1 -1 -------- Run | Yrd Mat Mat Min Exi Min Mat Fac DSF Gar Fac DSF Fac Upp Upp War Pro Fac Res DSF Gar Res Acc Com Total Allies 12 | . 1 . 3 . . . . . . . 5 . . . . 2 . . . . . . 1 Largest Group 3 | . 1 . 3 3 3 2 . . . . 3 . . . . 2 2 . . . . . 1 Highest-Rated Group 111 | . 10 . 40 40 40 24 . . . . 111 . . . . 84 84 . . . . . 23 Highest-Rated Ally 46 | . 10 . 16 16 16 16 . . . . 41 . . . . 46 46 . . . . . 23 Initial Warlord ECA Mod 10 | . . . . . . . . . . 1 1 10 10 10 10 9 9 8 8 8 9 8 8 Total Orders 1 | . 1 . . . . . . . . . . . . . . . . . . . . . . STAY 1 | . 1 . . . . . . . . . . . . . . . . . . . . . . Ally Attacks 108 | . . . . . 12 55 . . . . 23 . . . . . 10 . . . . . 8 Total Damage 1609 | . . . . . 50 571 . . . . 636 . . . . . 275 . . . . . 77 Kills 12 | . . . . . 2 6 . . . . 3 . . . . . . . . . . . 1 Allies Corrupted . | . . . . . . . . . . . . . . . . . . . . . . . . Allies Melted 4 | . . . . . . . . . . . . . . . 1 . . . . . 3 . . Field Lobotomies 5 | . . . . . . . . . . . 5 . . . . . . . . . . . . Intel | -11 -10 -9 -9 -9 -8 -8 -7 -7 -7 -6 -6 -5 -5 -5 -5 -4 -4 -3 -3 -3 -2 -1 -1 ------- Run | Yrd Mat Mat Min Exi Min Mat Fac DSF Gar Fac DSF Fac Upp Upp War Pro Fac Res DSF Gar Res Acc Com Active Infowar (turns) 5003 | . . . . . . . . 8 . 113 2 713 333 217 112 316 309 141 6 . 1367 301 1065 Optics 2089 | . . . . . . . . 8 . . . . . . . . . . . . 715 301 1065 Sensors 882 | . . . . . . . . . . . . . 333 189 112 248 . . . . . . . Terrain 1846 | . . . . . . . . . . 113 2 713 . 28 . 68 309 123 6 . 303 181 . Jamming 1114 | . . . . . . . . . . . . . . . . . 207 25 . . 618 88 176 Robot Analysis Total 4 | . 4 . . . . . . . . . . . . . . . . . . . . . . Derelict Logs Recovered 4 | . . . . . . . . . . . . . . 1 . 3 . . . . . . . Drone Launches . | . . . . . . . . . . . . . . . . . . . . . . . . Drone Recoveries . | . . . . . . . . . . . . . . . . . . . . . . . . Exploration | -11 -10 -9 -9 -9 -8 -8 -7 -7 -7 -6 -6 -5 -5 -5 -5 -4 -4 -3 -3 -3 -2 -1 -1 ------------- Run | Yrd Mat Mat Min Exi Min Mat Fac DSF Gar Fac DSF Fac Upp Upp War Pro Fac Res DSF Gar Res Acc Com Turns Passed 14312 | 12 2454 379 511 505 79 2402 522 56 577 114 110 714 333 234 469 685 337 145 109 707 1492 301 1065 Spaces Moved 13356 | 5 723 114 201 211 30 869 558 78 669 228 110 1057 610 398 900 1173 502 153 123 602 2410 404 1228 Core . | . . . . . . . . . . . . . . . . . . . . . . . . Treads 2153 | 5 723 114 201 211 30 869 . . . . . . . . . . . . . . . . . Legs . | . . . . . . . . . . . . . . . . . . . . . . . . Wheels . | . . . . . . . . . . . . . . . . . . . . . . . . Hover 11203 | . . . . . . . 558 78 669 228 110 1057 610 398 900 1173 502 153 123 602 2410 404 1228 Flight . | . . . . . . . . . . . . . . . . . . . . . . . . Fastest Speed 33 | 160 160 240 240 240 240 232 40 40 40 36 36 33 35 35 35 35 35 46 43 43 48 48 44 Average Speed 78 | 160 295 240 240 240 240 234 84 49 43 41 36 34 35 35 35 35 44 49 57 51 48 48 45 Slowest Speed 320 | 160 320 240 240 240 240 240 100 103 100 42 42 100 35 35 95 36 50 50 147 96 94 48 94 Overloaded Moves . | . . . . . . . . . . . . . . . . . . . . . . . . Propulsion Burnouts . | . . . . . . . . . . . . . . . . . . . . . . . . Robots Hopped . | . . . . . . . . . . . . . . . . . . . . . . . . Potential Cave-ins . | . . . . . . . . . . . . . . . . . . . . . . . . Cave-ins Triggered . | . . . . . . . . . . . . . . . . . . . . . . . . Exploration Rate (%) 46 | 2 97 16 43 61 13 65 10 71 60 8 90 23 66 55 89 80 9 4 80 55 71 11 38 Regions Visited 23 Branch Regions 8 Pre-discovered Areas 1 | . . . . . . . . . . . . . 1 . . . . . . . . . . Known Exits Taken 10 | . . . . . . . 1 . . 1 . 1 1 1 1 1 . 1 . . 1 1 . Unknown Exits Taken 8 | 1 1 1 1 1 1 1 . . . . . . . . . . 1 . . . . . . Scrap Searched 7 | . . . 1 . . . . . . . . . . 3 . 3 . . . . . . . Spaces Dug 189 | . . . . . . . 4 . . . . 12 93 25 1 . 5 1 . 18 12 4 14 Terrain Destroyed 325 | . . . . . . 5 4 . 1 . . 12 129 38 39 6 5 2 . 25 12 33 14 Melee 53 | . . . . . . . 4 . . . . 12 . . 1 . 5 1 . . 12 4 14 Projectile 26 | . . . . . . 5 . . . . . . . . 10 3 . 1 . 7 . . . AOE 246 | . . . . . . . . . 1 . . . 129 38 28 3 . . . 18 . 29 . Terrain Rammed . | . . . . . . . . . . . . . . . . . . . . . . . . Walls Destroyed . | . . . . . . . . . . . . . . . . . . . . . . . . Machines Disabled . | . . . . . . . . . . . . . . . . . . . . . . . . Actions | -11 -10 -9 -9 -9 -8 -8 -7 -7 -7 -6 -6 -5 -5 -5 -5 -4 -4 -3 -3 -3 -2 -1 -1 --------- Run | Yrd Mat Mat Min Exi Min Mat Fac DSF Gar Fac DSF Fac Upp Upp War Pro Fac Res DSF Gar Res Acc Com Total 16106 | 12 880 189 212 211 32 1102 599 96 880 248 142 1323 717 481 994 1406 608 191 146 923 2637 463 1614 Wait 1376 | . 35 45 . . . 87 1 . 89 2 4 186 87 74 35 165 66 8 . 197 39 26 230 Move 13331 | 4 722 113 200 210 29 868 557 77 667 227 109 1056 609 397 899 1172 501 152 122 601 2409 403 1227 Hop . | . . . . . . . . . . . . . . . . . . . . . . . . Pick Up 118 | . 10 3 1 1 . 24 5 4 2 4 1 6 3 . 6 3 8 1 1 6 23 . 6 Fast Attach 39 | . 5 1 . . . 8 1 5 2 . . 1 . . . . . 2 3 1 6 1 3 Attach 59 | 2 2 3 . . . 3 7 1 . 2 2 3 1 . 1 2 3 1 3 4 9 3 7 Detach 39 | 2 3 . . . . 5 4 3 1 . 1 1 1 . . . 1 . 2 3 7 1 4 Swap 244 | . 4 3 . . . 15 5 . 20 6 7 6 3 5 24 16 12 10 3 16 64 8 17 Drop 151 | 4 6 3 . . . 26 11 6 9 6 2 7 2 . 6 2 11 3 2 9 33 . 3 Fire 401 | . 85 18 8 . 3 58 . . 29 1 16 . 11 5 22 14 1 4 6 38 26 17 39 Melee 140 | . . . . . . . 8 . 9 . . 57 . . 1 . 5 10 4 . 21 4 21 Ram . | . . . . . . . . . . . . . . . . . . . . . . . . Kick . | . . . . . . . . . . . . . . . . . . . . . . . . Crush 19 | . 8 . 3 . . 8 . . . . . . . . . . . . . . . . . Escape Stasis 154 | . . . . . . . . . 52 . . . . . . . . . . 48 . . 54 Rewire 35 | . . . . . . . . . . . . . . . . 32 . . . . . . 3 Trap . | . . . . . . . . . . . . . . . . . . . . . . . . Miscellaneous . | . . . . . . . . . . . . . . . . . . . . . . . . Route ------- -11/Scrapyard -10/Materials (discovered 4 exits: *Mat x3 / [*Min]) -9/Materials -9/Mines (discovered 2 exits: *Mat / *Exi) -9/Exiles -8/Mines -8/Materials (discovered 2 exits: *Fac x2) -7/Factory (discovered 3 exits: *Fac / *Low / DSF) -7/DSF -7/Garrison (discovered 3 exits: *Fac x3) -6/Factory (discovered 5 exits: Low x2 / Ext x2 / DSF) -6/DSF -5/Factory (discovered 2 exits: *Upp x2) -5/Upper Caves -5/Upper Caves -5/Warlord -4/Proximity Caves -4/Factory -3/Research -3/DSF -3/Garrison (discovered 2 exits: *Res x2) -2/Research (discovered 4 exits: *Acc x2 / [*Tes x2]) -1/Access -1/Command To Epsilon Eridani History --------- Turn | Location | Event 7 | -11/Scrapyard | Discovered new exit (range 3) 13 | -11/Scrapyard | Entered Materials 313 | -10/Materials | Build established: Mutant 581 | -10/Materials | Discovered new exit (range 6) 751 | -10/Materials | Repaired Lgt. Treads 891 | -10/Materials | Discovered new exit (range 12) 1515 | -10/Materials | Discovered new exit (range 3) 1585 | -10/Materials | Central database locked down 1755 | -10/Materials | Core integrity fell below 50% 2034 | -10/Materials | Discovered new exit (range 14) 2467 | -10/Materials | Entered another Materials area 2467 | -9/Materials | Evolved 2 slots: Propulsion x1, Weapon x1 2578 | -9/Materials | Repaired Lgt. Treads 2753 | -9/Materials | Discovered new exit (range 15) 2778 | -9/Materials | Build established: Scavenger-Tank 2846 | -9/Materials | Entered Mines 2861 | -9/Mines | Discovered new exit (range 13) 3004 | -9/Mines | Found a hidden stash of uninstalled traps 3186 | -9/Mines | Assisted by bots powering up and referring to "LRC-V3" 3348 | -9/Mines | Deemed a non-threat by the Exiles lab entrance 3348 | -9/Mines | Discovered new exit (range 5) 3357 | -9/Mines | Entered Exiles 3357 | -9/Exiles | Accompanied by 3 allies 3415 | -9/Exiles | Met 8R-AWN 3458 | -9/Exiles | Met EX-HEX 3521 | -9/Exiles | Met EX-BIN 3552 | -9/Exiles | Aligned with FarCom system 3554 | -9/Exiles | Given EX-Vault access code 3609 | -9/Exiles | Opened EX-Vault 3629 | -9/Exiles | Found Field Lobotomy Kit 3678 | -9/Exiles | Warned to stay clear of 0b10 Research branches 3707 | -9/Exiles | Exiles lab attacked by MAIN.C 3841 | -9/Exiles | Discovered new exit (range 10) 3862 | -9/Exiles | Left Exiles lab with Field Lobotomy Kit 3862 | -9/Exiles | Entered Mines 3862 | -8/Mines | Accompanied by 3 allies 3914 | -8/Mines | Discovered new exit (range 8) 3941 | -8/Mines | Entered Materials 3941 | -8/Materials | Accompanied by 2 allies 3941 | -8/Materials | Evolved 2 slots: Propulsion x1, Utility x1 4179 | -8/Materials | Build established: Scavenger-Skirmisher 4635 | -8/Materials | Lost 3 parts (1n1u1w) 5056 | -8/Materials | Build established: Skirmisher 5230 | -8/Materials | Discovered new exit (range 9) 5296 | -8/Materials | Repaired Arm. Treads 5750 | -8/Materials | Discovered new exit (range 12) 5995 | -8/Materials | Repaired Shield Generator 6343 | -8/Materials | Entered Factory 6343 | -7/Factory | Evolved 2 slots: Propulsion x1, Utility x1 6712 | -7/Factory | Discovered new exit (range 15) 6715 | -7/Factory | Build established: Mutant 6720 | -7/Factory | Identified exit to DSF 6780 | -7/Factory | Discovered new exit (range 8) 6808 | -7/Factory | Identified exit to Lower Caves 6812 | -7/Factory | Identified exit to Factory 6865 | -7/Factory | Entered DSF 6901 | -7/DSF | Additional patrols routed to DSF 6913 | -7/DSF | Discovered new exit (range 12) 6921 | -7/DSF | Entered Garrison 7068 | -7/Garrison | Triggered checkpoint 7155 | -7/Garrison | Heavy support dispatched to Factory 7160 | -7/Garrison | Build established: Gunner 7198 | -7/Garrison | Heavy support dispatched to Factory 7213 | -7/Garrison | Discovered exit to Factory (range 19) 7213 | -7/Garrison | Discovered exit to Factory (range 52) 7213 | -7/Garrison | Discovered exit to Factory (range 35) 7348 | -7/Garrison | Attempted to access garrison exit controls, blocked by remote lockdown 7406 | -7/Garrison | Garrison Relay disabled 7449 | -7/Garrison | Triggered checkpoint 7453 | -7/Garrison | Garrison Relay disabled 7498 | -7/Garrison | Entered Factory 7498 | -6/Factory | Evolved 2 slots: Propulsion x1, Utility x1 7565 | -6/Factory | Identified exit to Lower Caves 7565 | -6/Factory | Identified exit to Extension 7612 | -6/Factory | Identified exit to DSF 7612 | -6/Factory | Entered DSF 7612 | -6/DSF | Encountered a pitched battle between 0b10 and Warlord forces 7623 | -6/DSF | Assimilated G-50 Soldier with FLK Orb 7634 | -6/DSF | Assimilated G-50 Soldier with FLK Orb 7637 | -6/DSF | Assimilated G-50 Soldier with FLK Orb 7647 | -6/DSF | Assimilated H-66 Slayer with FLK Orb 7650 | -6/DSF | Assimilated H-66 Slayer with FLK Orb 7686 | -6/DSF | Sterilization system engaged 7706 | -6/DSF | Ambient heat levels rising (+10) 7715 | -6/DSF | Discovered new exit (range 14) 7720 | -6/DSF | Spotted B-75 Beast 7721 | -6/DSF | Ambient heat levels rising (+10) 7722 | -6/DSF | Entered Factory 7722 | -5/Factory | Evolved 2 slots: Power x1, Utility x1 7725 | -5/Factory | Lost 12 allies 8050 | -5/Factory | Build established: Scout 8053 | -5/Factory | Identified exit to Upper Caves 8436 | -5/Factory | Entered Upper Caves 8442 | -5/Upper Caves | Met a Warlord Commander 8443 | -5/Upper Caves | Learned location of Warlord (-5) 8444 | -5/Upper Caves | Warlord Commander delivered Encrypted Comm Array 8448 | -5/Upper Caves | Found Encrypted Comm Array 8742 | -5/Upper Caves | Build established: Gunner 8766 | -5/Upper Caves | Discovered new exit (range 7) 8768 | -5/Upper Caves | Identified exit to Upper Caves 8769 | -5/Upper Caves | Entered another Upper Caves area 8780 | -5/Upper Caves | Learned Factory security intel 8996 | -5/Upper Caves | Discovered new exit (range 4) 9002 | -5/Upper Caves | Identified exit to Warlord 9003 | -5/Upper Caves | Entered Warlord 9072 | -5/Warlord | Met Warlord 9097 | -5/Warlord | Warlord's base attacked by MAIN.C 9205 | -5/Warlord | Found Prototype Special Weapon 9205 | -5/Warlord | Identified RU-N14's Throwing Claymores v3 9236 | -5/Warlord | Found Prototype Energy Cannon 9236 | -5/Warlord | Identified Vortex Driver 9351 | -5/Warlord | Warlord forces counterattacked 9365 | -5/Warlord | Destroyed 7 combat bots 9425 | -5/Warlord | Spotted Striker 9438 | -5/Warlord | Spotted Striker 9441 | -5/Warlord | Spotted Striker 9468 | -5/Warlord | Discovered new exit (range 9) 9472 | -5/Warlord | Identified exit to Proximity Caves 9472 | -5/Warlord | Entered Proximity Caves 9477 | -4/Proximity Caves | Learned Research trap positions 9479 | -4/Proximity Caves | Lost 6 allies 9734 | -4/Proximity Caves | Attacked by a faux Warlord 9802 | -4/Proximity Caves | Learned Research machine intel 10029 | -4/Proximity Caves | Learned Research interactive machine intel 10096 | -4/Proximity Caves | Discovered new exit (range 4) 10097 | -4/Proximity Caves | Identified exit to Factory 10157 | -4/Proximity Caves | Entered Factory 10157 | -4/Factory | Accompanied by 2 allies 10157 | -4/Factory | Evolved 2 slots: Utility x1, Weapon x1 10411 | -4/Factory | Discovered new exit (range 15) 10419 | -4/Factory | Repaired Coil Gun 10494 | -4/Factory | Entered Research 10494 | -3/Research | Evolved 2 slots: Propulsion x1, Utility x1 10495 | -3/Research | Loaded intel: 79 trap records 10496 | -3/Research | Loaded intel: 114 machine locations 10497 | -3/Research | Loaded intel: 45 interactive machine locations 10621 | -3/Research | Build established: Ninja 10639 | -3/Research | Identified exit to DSF 10639 | -3/Research | Entered DSF 10658 | -3/DSF | Additional patrols routed to DSF 10698 | -3/DSF | Lost 3 parts (1p2u) 10731 | -3/DSF | Discovered new exit (range 16) 10748 | -3/DSF | Entered Garrison 10952 | -3/Garrison | Build established: Gunner 11001 | -3/Garrison | Spotted B-86 Titan 11198 | -3/Garrison | Destroyed B-86 Titan 11198 | -3/Garrison | Triggered checkpoint 11256 | -3/Garrison | Triggered checkpoint 11282 | -3/Garrison | Triggered checkpoint 11358 | -3/Garrison | Triggered checkpoint 11360 | -3/Garrison | Discovered new exit (range 13) 11450 | -3/Garrison | Discovered new exit (range 11) 11455 | -3/Garrison | Entered Research 11455 | -2/Research | Warlord forces began assault on 0b10 11455 | -2/Research | Evolved 2 slots: Utility x2 11480 | -2/Research | Distinguished unit "Metalheads" dispatched to help 11565 | -2/Research | Research machine network offline 11622 | -2/Research | Lost 4 allies 11633 | -2/Research | Found Prototype Processor 11633 | -2/Research | Identified Exp. Core Analyzer 11703 | -2/Research | Found Prototype Launcher 11703 | -2/Research | Identified Hellfire Missile Launcher 11705 | -2/Research | Found Hellfire Missile Launcher 11734 | -2/Research | Discovered new exit (range 11) 11755 | -2/Research | Identified exit to Access 11829 | -2/Research | Spotted B-90 Cyclops 11924 | -2/Research | Spotted Striker 11941 | -2/Research | Destroyed Striker 11992 | -2/Research | Spotted B-90 Cyclops 12029 | -2/Research | Spotted Executioner 12035 | -2/Research | Destroyed Executioner 12075 | -2/Research | Borebot progress halted 12087 | -2/Research | Borebot progress halted 12235 | -2/Research | Found Prototype Device 12235 | -2/Research | Identified Adv. Kinecellerator 12303 | -2/Research | Build established: Scavenger-Gunner 12392 | -2/Research | Discovered new exit (range 22) 12401 | -2/Research | Discovered new exit (range 21) 12871 | -2/Research | Discovered exit to Access (range 23) 12898 | -2/Research | Spotted B-90 Cyclops 12947 | -2/Research | Entered Access 12947 | -1/Access | Evolved 2 slots: Utility x2 12964 | -1/Access | Energy Cycler disabled 12980 | -1/Access | Spotted B-99 Colossus 13016 | -1/Access | Destroyed B-99 Colossus 13112 | -1/Access | Unchained authorized (GL-D0S) 13140 | -1/Access | Lost 4 allies 13152 | -1/Access | Exiles provided nearest exit location to -1/Command 13248 | -1/Access | Entered Command 13579 | -1/Command | Disengaged cave seal 13583 | -1/Command | Welcomed Warlord to Command 13627 | -1/Command | Disengaged cave seal 14117 | -1/Command | Lost 3 allies 14125 | -1/Command | Spotted Alpha 7 14125 | -1/Command | Spotted Striker 14126 | -1/Command | Spotted Executioner 14126 | -1/Command | Spotted Executioner 14126 | -1/Command | Spotted B-99 Colossus 14127 | -1/Command | Spotted Executioner 14127 | -1/Command | Spotted Executioner 14127 | -1/Command | Spotted B-99 Colossus 14128 | -1/Command | Spotted Alpha 7 14128 | -1/Command | Spotted Striker 14152 | -1/Command | Warlord destroyed during the assault 14158 | -1/Command | Destroyed Executioner 14172 | -1/Command | Discovered new exit (range 21) 14216 | -1/Command | Destroyed B-99 Colossus 14223 | -1/Command | Destroyed B-99 Colossus 14242 | -1/Command | Lost 5 parts (1n1u3w) 14243 | -1/Command | Lost 21 allies 14289 | -1/Command | Found Prototype Processor 14289 | -1/Command | Identified Exp. Targeting Computer 14313 | *** | Escaped! Last Messages --------------- 14301_ Field strength at 37. 14302_ Field strength at 30. 14302_ K-01 Serf collects debris. 14302_ Field strength at 70. 14303_ Field strength at 23. 14304_ Field strength at 16. 14304_ Field strength at 67. 14305_ Field strength at 9. 14305_ K-01 Serf collects debris. 14305_ Field strength at 60. 14305_ Field strength at 70. 14306_ Field strength at 2. 14306_ Field strength at 60. 14307_ Stasis field depleted. 14307_ Field strength at 50. 14307_ Field strength at 56. 14308_ K-01 Serf collects debris. 14309_ Field strength at 45. 14312_ K-01 Serf collects debris. 14313_ Field strength at 50. Map ----- +----------------------------------------------------+ | #???????????????# #]] #??????????????? | | #???????????????# #] ########???????? | | #???????????????# # ]## ####????? | | #???????????????? # ## """#????? | | #?????????????????? # !## """#????? | | #???###+##??????????? # ## R"#????? | | ##### ##############+####+##+### """#????? | | "" # "" #????? | | T" + ####????? | | ##### "############+######### # #???????? | | ######"""##??# # # #???????? | | #* #??# + + #???????? | | # ! #??# #### #???????? | | # / #??# #??# #???????? | | # ! #??# #??###+###???????? | | ####+"######## #????# #?????????? | | #??# + "" T""" #????# #?????????? | | #??# ##########################????# #?????????? | | #### "#????????????????????????????# #?????????? | | %% "#?????????##############?????# #?????????? | | = % %#??###????# #?????# #?????????? | | !% %!=####!###### #?????# #?????????? | | *=*%%!/;*|!!|%%%%%% ^ ^ #?????# #?????????? | | =%*=%=!!%^^^%^i^^^ ^ #?????# ########### | | !%*%*!=%|i ^ ki^%% % #?????# | | ][%!!%=|!^!* !^^^^ ^ "@ #?????# | | %%%=||!!* =^!%^^^^%% ^ "" #??#### | | %=*%%==*%%%%%^^^^%%%^ #??# | | * !#%#%%^^^!^ ^^ ^ #??# ** | | % ####%!#*#%#!# ^^ ^ #??# ** | | #??#*########% #??# * | | #??###??????# #??# ##### | | #???????????##############??# #???? | | #???????????????????????????# #???? | | #???????????????????????????# #????###### | | #???????????????????????????# #?????????? | | #???????????????????????????# #?????????? | | #???????????????????????????# #?????????? | | ## ############################# ##+###???????? | | ?# # #???????? | | ?# # #???????? | | ?# # #???????? | | ?# # #???????? | | ?##+####+############## ######## # #???????? | | ??????????????????????# #??????# + #???????? | | ??????????????????????# #??????# # #???????? | | ??????????????????????# #??????# # #???????? | | ??????????????????????#!#??????# # #???????? | | ???????????????????####"#########+########???????? | | ???????????????????# % #??????????? | +----------------------------------------------------+ Best States ------------- Heat Dissipation 145 Energy Generation 53 Energy Capacity 1025 Matter Stores 300 Matter Capacity 300 Sight Range 23 Robot Scan Range 15 Terrain Scan Range 24 Terrain Scan Density 210 Jamming Range 14 Armor Coverage 300 Propulsion Shielding 66 Weapon Shielding 33 Evasion (%) 70 Targeting Accuracy 28 Target Analysis 8 Core Analysis 6 Armor Integrity Analysis 40 Recoil Reduction 4 Offensive Hacking 12 Authchip Count 1 Item Schematics ----------------- Imp. Gravmag System | -5/Factory | Scanalyzed Robot Schematics ------------------ None Fabricated ------------ Nothing Repaired ---------- Lgt. Treads | 64% | -10/Materials Lgt. Treads | 8% | -9/Materials Arm. Treads | 60% | -8/Materials Shield Generator | 26% | -8/Materials Coil Gun | 8% | -4/Factory Studied --------- Airjet | -5/Factory | Hacked Hyb. Deuterium Engine | -5/Factory | Hacked Alien Tech Used ----------------- None Achievements -------------- Showdown Challenges ------------ None Game ------ Seed CargoDamperSuite Manual? 0 Play Time 03:47:05 Cumulative 95.5 hours Start 2026.04.03 @ 22:03:21 End 2026.04.04 @ 02:05:14 Sessions 1 Manual Loads 0 Difficulty Rogue Special Mode None Game No. 82 Rogue 82 Adventurer 0 Explorer 0 Win Type 0 Total 5 Types 3/0/1/1/0/0/0/0/0/0 Lore% 54 Gallery% 46 Achievement% 41 Wizard Run 0 Options --------- Layout 2 ASCII 0 Keyboard 1 Movement Arrows Keybinds 0 Fullscreen 2 Font 24/Terminus Map View 50x44 Zoom Use 0% Tactical HUD 1 Map Filters NONE Filters NONE Steam 1 RUN: 047b301d-f3ba-474f-b3cd-7515e9107435